 Dungeon Crawl Stone Soup version 0.22.1-2-g9c5b331383 (webtiles) character file.

65912 Ihlosi the Carver (level 15, -8/124 HPs)
             Began as a Human Gladiator on Nov 20, 2018.
             Was a High Priest of the Shining One.
             Mangled by a fire elemental (13 damage)
             ... summoned by a deep elf mage
             ... on level 1 of the Elven Halls on Nov 21, 2018.
             The game lasted 01:35:36 (23911 turns).

Ihlosi the Carver (Human Gladiator)                Turns: 23911, Time: 01:35:37

Health: -8/124     AC: 20    Str: 18    XL:     15   Next: 60%
Magic:  22/22      EV: 17    Int:  9    God:    the Shining One [*****.]
Gold:   1006       SH:  0    Dex: 17    Spells: 19/20 levels left

rFire    . . .     SeeInvis .   a - +2 great sword (freeze)
rCold    + + .     Gourm    .   (shield currently unavailable)
rNeg     + + .     Faith    .   s - +3 ring mail {rPois}
rPois    +         Spirit   .   u - +1 helmet of Kikubaaqudgha's Esteem {rC++}
rElec    .         Reflect  .   H - +1 cloak
rCorr    .         Harm     .   S - +1 pair of gloves
MR       +....                  T - +1 pair of boots
Stlth    +.........             N - amulet of regeneration
HPRegen  0.70/turn              J - +1 ring of protection
MPRegen  0.18/turn              P - +3 ring of slaying

@: liquid flames, glowing
A: no striking features
a: Divine Shield, Cleansing Flame, Summon Divine Warrior, Renounce Religion


You were on level 1 of the Elven Halls.
You worshipped the Shining One.
The Shining One was extremely pleased with you.
You were not hungry.

You visited 5 branches of the dungeon, and saw 23 of its levels.
You also visited: Ossuary and Ice Cave.

You collected 1825 gold pieces.
You spent 819 gold pieces at shops.

Inventory:

Hand Weapons
 a - a +2 great sword of freezing (weapon)
 b - a +0 scimitar of electrocution
 d - a +1 arbalest of freezing
Missiles
 w - 49 bolts
Armour
 s - a +3 ring mail of poison resistance (worn)
 u - the +1 helmet of Kikubaaqudgha's Esteem (worn) {rC++}
   (You found it on level 10 of the Dungeon)

   It greatly protects you from cold.
 v - a +2 troll leather armour {Snorg}
 H - a +1 cloak (worn)
 S - a +1 pair of gloves (worn)
 T - a +1 pair of boots (worn)
 V - a scarf of cloud immunity
Jewellery
 c - an uncursed amulet of the gourmand
 h - an uncursed ring of resist corrosion
 q - the amulet of the Four Winds {rN+ MR+++ Clar}
   (You bought it in a shop on level 2 of the Orcish Mines)

   [amulet of nothing]

   It protects you from negative energy.
   It affects your resistance to hostile enchantments.
   It protects you against confusion.
 J - a +1 ring of protection (left hand)
 N - an amulet of regeneration (around neck)
 P - a +3 ring of slaying (right hand)
Wands
 g - a wand of enslavement (25)
 j - a wand of polymorph (22)
 m - a wand of digging (36)
 B - a wand of iceblast (6)
 W - a wand of paralysis (13)
Scrolls
 i - 3 scrolls of remove curse
 l - 8 scrolls of enchant armour
 n - 5 scrolls of teleportation
 o - a scroll of fog
 p - a scroll of fear
 C - 2 scrolls of amnesia
 F - 4 scrolls of immolation
 K - 4 scrolls of enchant weapon
 U - 2 scrolls of blinking
Potions
 e - 9 potions of brilliance
 k - 16 potions of curing
 r - a potion of cancellation
 t - 2 potions of mutation
 A - 3 potions of ambrosia
 D - 5 potions of might
 G - 3 potions of lignification
 I - 2 potions of magic
 O - 3 potions of haste
Miscellaneous
 R - a lamp of fire (inert)
Comestibles
 f - 31 rations


   Skills:
 * Level 13.5 Fighting
 + Level 13.7 Long Blades
 * Level 6.5 Crossbows
 - Level 2.0 Throwing
 - Level 9.0 Armour
 * Level 9.5 Dodging
 - Level 1.0 Stealth
 - Level 3.0 Spellcasting
 * Level 1.8 Translocations
 * Level 10.0 Invocations
 - Level 6.0 Evocations


You had 19 spell levels left.
You knew the following spells:

 Your Spells              Type           Power        Failure   Level  Hunger
a - Apportation           Tloc           #.....       22%         1    ##.....

Your spell library contained the following spells:

 Spells                   Type           Power        Failure   Level  Hunger
 Animate Skeleton         Necr           N/A          43%         1    ##.....
 Beastly Appendage        Tmut           #.....       43%         1    ##.....
 Confusing Touch          Hex            #.....       43%         1    ##.....
 Flame Tongue             Conj/Fire      #....        43%         1    ##.....
 Magic Dart               Conj           #...         43%         1    ##.....
 Shock                    Conj/Air       #...         43%         1    ##.....
 Summon Butterflies       Summ           #.......     43%         1    ##.....
 Summon Small Mammal      Summ           #...         43%         1    ##.....
 Corpse Rot               Necr           N/A          58%         2    ###....
 Searing Ray              Conj           #.....       58%         2    ###....
 Sticks to Snakes         Tmut           #.......     58%         2    ###....
 Swiftness                Chrm/Air       #.......     58%         2    ###....
 Throw Flame              Conj/Fire      #.....       58%         2    ###....
 Call Canine Familiar     Summ           #.......     82%         3    ####...
 Conjure Flame            Conj/Fire      #.......     82%         3    ####...
 Dazzling Spray           Conj/Hex       #.....       82%         3    ####...
 Inner Flame              Hex/Fire       #.......     82%         3    ####...
 Spider Form              Tmut/Pois      #.........   82%         3    ####...
 Static Discharge         Conj/Air       #.......     82%         3    ####...
 Stone Arrow              Conj/Erth      #.....       82%         3    ####...
 Force Lance              Conj/Tloc      #.......     97%         4    #####..
 Airstrike                Air            #.........   99%         4    #####..
 Fulminant Prism          Conj/Hex       #.........   99%         4    #####..
 Ice Form                 Ice/Tmut       #.......     99%         4    #####..
 Iskenderun's Mystic Bla  Conj           #.......     99%         4    #####..
 Leda's Liquefaction      Hex/Erth       #.........   99%         4    #####..
 Sticky Flame             Conj/Fire      #.......     99%         4    #####..
 Summon Ice Beast         Ice/Summ       #.......     99%         4    #####..
 Blade Hands              Tmut           #.........   100%        5    ######.
 Bolt of Magma            Conj/Fire/Erth #.........   100%        5    ######.
 Fireball                 Conj/Fire      #.........   100%        5    ######.
 Iskenderun's Battlesphe  Conj/Chrm      #.......     100%        5    ######.
 Lightning Bolt           Conj/Air       #.........   100%        5    ######.
 Summon Forest            Summ/Tloc      #.........   100%        5    ######.
 Summon Mana Viper        Hex/Summ       #.......     100%        5    ######.
 Venom Bolt               Conj/Pois      #.........   100%        5    ######.
 Hydra Form               Tmut           #.........   100%        6    #######
 Iron Shot                Conj/Erth      #.........   100%        6    #######
 Orb of Destruction       Conj           #.........   100%        7    #######
 Spellforged Servitor     Conj/Summ      #.........   100%        7    #######
 Summon Hydra             Summ           #.........   100%        7    #######


Dungeon Overview and Level Annotations

Branches:
Dungeon (13/15)            Temple (1/1) D:5            Lair (6/6) D:9
 Shoals (0/4) Lair:2       Spider (0/4) Lair:4        Slime (0/5) Lair:5
    Orc (2/2) D:11            Elf (1/3) Orc:2
 Vaults: D:13-14

Altars:
Ashenzari
Cheibriados
Dithmenos
Elyvilon
Fedhas
Gozag
Hepliaklqana
Kikubaaqudgha
Makhleb
Nemelex Xobeh
Okawaru
Qazlal
Ru
Sif Muna
Trog
Uskayaw
Vehumet
Wu Jian
Xom
Yredelemnul
Zin
The Shining One
Jiyva

Shops:
D:4 [   D:6 (   D:8 =   Orc:1 :   Orc:2 (==:

Annotations:
D:13 Sonja
Lair:1 exclusion: oklob plant
Lair:3 3 runed doors, Hiroxt's ghost, journeyman FoVM
Lair:6 Hydras!


Message History

The bolt of lightning hits you!
* * * LOW HITPOINT WARNING * * *
The deep elf mage points at you and mumbles some strange words.
The bolt of lightning hits the fire elemental.
The fire elemental resists.
The bolt of lightning hits you!
* * * LOW HITPOINT WARNING * * *
The deep elf mage points at you and mumbles some strange words.
The bolt of lightning hits the fire elemental.
The fire elemental resists.
The bolt of lightning misses you.
A battlesphere comes into view.
There is a staircase back to the Mines here.
Okay, then.
As you read the scroll of fear, it crumbles to dust.
You assume a fearsome visage.
The deep elf mage looks frightened! x4
The deep elf mage resists with some effort.
The fire elemental is unaffected.
The battlesphere is unaffected.
You are covered in liquid flames!
* * * LOW HITPOINT WARNING * * *
The fire elemental hits you. The fire elemental burns you!
You die...

. #######
..+.....#
.#.....#
#.....#...# ..
#.....#...#...
#.....#...#...
#.....#.......
#.@...#.......
#.Ee..#.......
#.§...#..e..$.
#ee§.*.e#
#...§e.##
#....§.#
#.......#
####'......
...##..#$.


You could see 5 deep elf magi, a fire elemental and a battlesphere.

Vanquished Creatures
  Gastronok (Lair:3)
  A frost giant (IceCv)
  A stone giant (Orc:1)
  Snorg (Lair:3)
  5 hydras
  A dancing weapon (Orc:2)
  6 two-headed ogres
  2 centaur warriors (D:10)
  Urug (Lair:5)
  6 death yaks
  An orc high priest (Orc:2)
  Nergalle (Lair:3)
  An unseen horror (D:12)
  An orc knight (Orc:1)
  4 orc sorcerers (Orc:2)
  3 ugly things
  3 cyclopes
  An ice statue (IceCv)
  6 elephants
  2 gargoyles
  2 black mambas
  5 spiny frogs
  A rime drake (IceCv)
  A kobold demonologist (D:10)
  2 komodo dragons
  2 jumping spiders (Lair:4)
  A queen bee (D:8)
  12 polar bears (IceCv)
  4 trolls
  Prince Ribbit (D:8)
  2 hornets
  9 blink frogs
  8 hippogriffs
  Sigmund (D:3)
  57 yaks
  2 shadows
  A redback (Lair:4)
  2 wyverns (D:9)
  A basilisk (D:8)
  2 steam dragons
  2 hungry ghosts
  3 wargs (Orc:2)
  An acid dragon (D:12)
  9 water moccasins
  8 porcupines
  2 black bears
  7 sky beasts
  23 orc warriors
  3 ice beasts
  2 phantoms
  13 ogres
  2 necrophages
  12 wolves
  7 centaurs
  7 crocodiles
  A gnoll sergeant (D:7)
  A big kobold (D:12)
  A wyvern zombie (Ossuary)
  15 bullfrogs
  A water moccasin zombie (D:10)
  7 scorpions
  26 killer bees
  7 wights (D:8)
  3 centaur zombies (Ossuary)
  3 crimson imps
  2 quasits
  A bullfrog zombie (D:12)
  Crazy Yiuf (D:7)
  A bullfrog skeleton (D:7)
  7 hounds
  5 jellies
  23 orc priests
  2 centaur skeletons
  3 iguanas
  Ijyb (D:3)
  Natasha (thrice) (D:2)
  19 mummies (Ossuary)
  38 orc wizards
  2 hell rats (Lair:1)
  10 worker ants
  A killer bee zombie (Ossuary)
  2 hound skeletons
  3 worker ant zombies (Ossuary)
  2 howler monkey zombies (Ossuary)
  A howler monkey skeleton (D:7)
  9 river rats (Lair:1)
  14 adders
  7 gnolls
  A shadow imp (D:7)
  2 adder zombies
  An adder skeleton (D:6)
  A worm (D:6)
  2 dart slugs
  3 leopard geckos
  94 orcs
  10 giant cockroaches
  11 goblins
  7 hobgoblins
  25 jackals
  11 kobolds
  5 quokkas
  A ball python zombie (Ossuary)
  4 bats
  8 frilled lizards
  A leopard gecko skeleton (D:7)
  2 quokka skeletons
  A quokka zombie (Ossuary)
  9 rats
686 creatures vanquished.

Vanquished Creatures (collateral kills)
  Rupert (D:12)
  2 orc high priests (Orc:2)
  4 orc knights (Orc:2)
  An orc sorcerer (Orc:2)
  2 orc warriors (Orc:2)
  An orc priest (Orc:2)
  An orc wizard (Orc:2)
12 creatures vanquished.

Vanquished Creatures (others)
  A polar bear (IceCv)
  11 fungi (Lair:4)
  5 plants (Lair:4)
  2 withered plants (Ossuary)
19 creatures vanquished.

Grand Total: 717 creatures vanquished

Notes
Turn   | Place    | Note
-------+----------+-------------------------------------------
     0 | D:1      | Ihlosi the Human Gladiator began the quest for the Orb.
     0 | D:1      | Reached XP level 1. HP: 16/16 MP: 1/1
    56 | D:1      | Reached XP level 2. HP: 22/22 MP: 2/2
   257 | D:1      | Reached XP level 3. HP: 23/27 MP: 3/3
   364 | D:1      | Reached skill level 1 in Stealth
   433 | D:2      | Noticed Natasha
   780 | D:2      | Reached skill level 1 in Armour
   899 | D:2      | Reached XP level 4. HP: 31/34 MP: 4/4
  1029 | D:2      | Killed Natasha
  1078 | D:2      | Noticed Natasha
  1081 | D:2      | Killed Natasha
  1081 | D:2      | Reached XP level 5. HP: 39/39 MP: 5/5
  1313 | D:2      | Noticed Natasha
  1325 | D:2      | Killed Natasha
  1443 | D:3      | Noticed Ijyb
  1452 | D:3      | Killed Ijyb
  1642 | D:3      | Noticed Sigmund
  1845 | D:3      | Reached XP level 6. HP: 45/46 MP: 6/6
  1885 | D:3      | Killed Sigmund
  1885 | D:3      | Reached skill level 5 in Long Blades
  2087 | D:3      | Reached XP level 7. HP: 39/52 MP: 7/7
  2097 | D:3      | Reached skill level 1 in Evocations
  2671 | D:4      | Found Zemopihi's Armour Shoppe.
  3402 | D:4      | Reached XP level 8. HP: 54/60 MP: 9/9
  3739 | D:5      | Entered Level 5 of the Dungeon
  4472 | D:5      | Found a staircase to the Ecumenical Temple.
  4766 | Temple   | Entered the Ecumenical Temple
  4837 | Temple   | Became a worshipper of the Shining One
  5114 | D:6      | Found Wemaotud's Antique Weapon Boutique.
  5119 | D:6      | Bought a runed long sword for 117 gold pieces
  5132 | D:6      | Found a sand-covered staircase.
  5204 | Ossuary  | Entered an ossuary
  5248 | Ossuary  | Reached XP level 9. HP: 66/66 MP: 11/11
  5253 | Ossuary  | Reached * piety under the Shining One
  5275 | Ossuary  | Reached skill level 1 in Invocations
  5542 | Ossuary  | Reached skill level 5 in Armour
  5551 | Ossuary  | Reached skill level 5 in Fighting
  5626 | Ossuary  | Reached ** piety under the Shining One
  5898 | D:6      | Noticed a brown ugly thing
  5916 | D:6      | Killed a brown ugly thing
  6058 | D:6      | Reached skill level 5 in Dodging
  6058 | D:6      | Reached XP level 10. HP: 72/76 MP: 13/13
  6346 | D:6      | Found an ornate altar of the Wu Jian Council.
  7030 | D:7      | Reached *** piety under the Shining One
  7048 | D:7      | Found a runed door.
  7191 | D:7      | Reached skill level 5 in Evocations
  7251 | D:7      | Noticed Crazy Yiuf
  7267 | D:7      | Killed Crazy Yiuf
  7628 | D:8      | Noticed Prince Ribbit
  7634 | D:8      | Killed Prince Ribbit
  7655 | D:8      | Reached skill level 1 in Crossbows
  8199 | D:8      | Reached XP level 11. HP: 66/84 MP: 15/15
  8260 | D:8      | Reached skill level 5 in Invocations
  8509 | D:8      | Noticed a two-headed ogre
  8512 | D:8      | Killed a two-headed ogre
  8765 | D:8      | Found Bankan's Jewellery Boutique.
  8852 | D:9      | Noticed an elephant
  9489 | D:9      | Reached **** piety under the Shining One
  9956 | D:9      | Found a staircase to the Lair.
 10137 | D:10     | Entered Level 10 of the Dungeon
 10174 | D:10     | Got a wizard robe
 10206 | D:10     | Identified the +2 robe of Perfidy {MR+ Int+5} (You found it
                  | on level 10 of the Dungeon)
 10318 | D:10     | Noticed a cyclops
 10319 | D:10     | Noticed a cyclops
 10320 | D:10     | Noticed a purple ugly thing
 10320 | D:10     | Noticed a two-headed ogre
 10325 | D:10     | Noticed a two-headed ogre
 10327 | D:10     | Noticed a centaur warrior
 10329 | D:11     | Noticed a green ugly thing
 10453 | D:10     | Killed a two-headed ogre
 10595 | D:10     | Killed a purple ugly thing
 10595 | D:10     | Reached XP level 12. HP: 72/97 MP: 16/16
 10605 | D:10     | Reached skill level 10 in Fighting
 10643 | D:10     | Killed a two-headed ogre
 10694 | D:10     | Noticed a two-headed ogre
 10794 | D:10     | Noticed a two-headed ogre
 10959 | D:10     | Noticed a centaur warrior
 10982 | D:10     | Killed a centaur warrior
 11179 | D:10     | Killed a two-headed ogre
 11179 | D:10     | Reached skill level 10 in Long Blades
 11375 | D:10     | Killed a centaur warrior
 11410 | D:10     | Got an ancient helmet
 11428 | D:10     | Identified the +1 helmet of Kikubaaqudgha's Esteem {rC++}
                  | (You found it on level 10 of the Dungeon)
 11570 | D:10     | Killed a two-headed ogre
 12203 | D:11     | Found a staircase to the Orcish Mines.
 12845 | Lair:1   | Entered Level 1 of the Lair of Beasts
 12919 | Lair:1   | Reached ***** piety under the Shining One
 12939 | Lair:1   | Reached XP level 13. HP: 100/105 MP: 18/18
 13320 | Lair:1   | Reached skill level 5 in Crossbows
 13502 | Lair:1   | Got a warped robe
 13513 | Lair:1   | Identified the +2 robe of Jiwakoa {-Cast rC- Dex+10} (You
                  | found it on level 1 of the Lair of Beasts)
 13994 | Lair:2   | Found a staircase to the Shoals.
 14293 | Lair:2   | You fall through a shaft!
 14391 | Lair:3   | Found a runed gate.
 14391 | Lair:3   | Found a runed gate.
 14391 | Lair:3   | Found a runed gate.
 14405 | Lair:3   | Found a frozen archway.
 14417 | IceCv    | Entered an ice cave
 15197 | IceCv    | Noticed a frost giant
 15217 | IceCv    | Killed a frost giant
 15850 | Lair:3   | Reached XP level 14. HP: 93/114 MP: 20/20
 15863 | Lair:3   | Noticed Nergalle
 15876 | Lair:3   | Killed Nergalle
 15997 | Lair:3   | Noticed Snorg
 16045 | Lair:3   | Killed Snorg
 16386 | Lair:3   | Noticed a minotaur
 16415 | Lair:3   | Noticed Gastronok
 16490 | Lair:3   | Killed Gastronok
 16764 | Lair:3   | Noticed Hiroxt's ghost (journeyman FoVM)
 16928 | Lair:4   | Found a hole to the Spider Nest.
 17176 | Orc:1    | Entered Level 1 of the Orcish Mines
 17306 | Orc:1    | Found Emurr's Book Boutique.
 17500 | Orc:2    | Entered Level 2 of the Orcish Mines
 17505 | Orc:2    | Paralysed by an orc sorcerer for 3 turns
 17626 | Orc:2    | Noticed a stone giant
 17844 | Orc:1    | Killed a stone giant
 17844 | Orc:1    | Reached skill level 1 in Spellcasting
 18074 | Orc:1    | Found a deep blue altar of Sif Muna.
 18486 | Orc:2    | Reached ****** piety under the Shining One
 18720 | Orc:2    | Found a staircase to the Elven Halls.
 19793 | Lair:4   | Reached XP level 15. HP: 122/122 MP: 22/22
 20231 | D:12     | Found a radiant altar of Vehumet.
 20480 | D:12     | Noticed Rupert
 20996 | D:12     | Killed Rupert
 21180 | D:13     | Noticed Sonja
 21663 | Lair:4   | Got a translucent morningstar
 22020 | Lair:5   | Learned a level 1 spell: Apportation
 22087 | Lair:5   | Noticed Urug
 22098 | Lair:5   | Killed Urug
 22123 | Lair:5   | Found a staircase to the Slime Pits.
 22124 | Lair:5   | Found a viscous altar of Jiyva.
 22403 | Lair:5   | Reached skill level 1 in Translocations
 22455 | Lair:5   | Got a fine leather armour
 22921 | Lair:5   | Identified the +3 leather armour of the Frog {*Slow rCorr
                  | Dex+2} (You found it on level 5 of the Lair of Beasts)
 22931 | Lair:5   | Identified the cursed +2 morningstar of a Million Curses
                  | {elec, *Noise +Blink rPois Str+4} (You found it on level 4
                  | of the Lair of Beasts)
 23044 | Lair:6   | Entered Level 6 of the Lair of Beasts
 23572 | Orc:2    | Found Siuruuk's Antique Weapon Boutique.
 23628 | Orc:2    | Reached skill level 10 in Invocations
 23703 | Orc:2    | Found Vakuymn's Book Boutique.
 23704 | Orc:2    | Found Zulismem's Jewellery Shoppe.
 23712 | Orc:2    | Found Tairil's Jewellery Shoppe.
 23824 | Orc:2    | Bought the amulet of the Four Winds {rN+ MR+++ Clar} for
                  | 702 gold pieces
 23824 | Orc:2    | Found the amulet of the Four Winds {rN+ MR+++ Clar}
 23883 | Elf:1    | Entered Level 1 of the Elven Halls
 23911 | Elf:1    | HP: 5/124 [burnt (2)]
 23911 | Elf:1    | Mangled by a fire elemental

Skill      XL: |  1  2  3  4  5  6  7  8  9 10 11 12 13 14 15 |
---------------+----------------------------------------------+-----
Stealth        | 1 |  1.0
Armour         | 1 2 3 4 5 6 7 8 9 |  9.0
Long Blades    | 4 5 6 8 9 10 11 13 | 13.7
Fighting       | 3 4 5 7 9 10 11 12 13 | 13.5
Evocations     | 1 2 4 5 6 |  6.0
Dodging        | 4 5 6 7 8 9 |  9.5
Invocations    | 3 4 6 7 8 9 10 | 10.0
Crossbows      | 2 3 4 6 |  6.5
Spellcasting   | 2 3 |  3.0
Translocations | 1 |  1.8
Throwing       | |  2.0

Action                   |  1- 3 |  4- 6 |  7- 9 | 10-12 | 13-15 || total
-------------------------+-------+-------+-------+-------+-------++-------
Melee: Long sword        |    82 |    83 |   360 |   238 |       ||   763
       Scimitar          |       |       |       |   327 |   430 ||   757
       Great sword       |       |       |       |       |   373 ||   373
 Fire: Hand crossbow     |       |       |       |     3 |       ||     3
       Arbalest          |       |       |       |       |    28 ||    28
Throw: Throwing net      |       |       |     2 |     4 |       ||     6
Invok: Summon Divine War |       |       |       |       |     4 ||     4
Evoke: Wand              |       |     7 |    34 |    47 |     6 ||    94
       Lamp of fire      |       |       |       |       |     3 ||     3
  Use: Scroll            |       |     5 |    14 |    16 |    14 ||    49
       Potion            |       |     1 |     1 |     5 |    10 ||    17
 Stab: Sleeping          |     1 |       |       |       |       ||     1
  Eat: Chunk             |       |     3 |    11 |    20 |    26 ||    60
       Ration            |       |       |     1 |     1 |     4 ||     6
Armor: Leather armour    |    20 |     4 |       |       |       ||    24
       Ring mail         |       |    16 |   113 |   253 |   344 ||   726
Dodge: Dodged            |    73 |    55 |   241 |   440 |   618 ||  1427
       Rpst.: Long sword |    25 |    13 |    64 |    57 |       ||   159
       Scimitar          |       |       |       |    63 |    66 ||   129
       Great sword       |       |       |       |       |    83 ||    83
